 Dungeon Crawl Stone Soup version 0.20.0-4-g10b340a (webtiles) character file.

161 Velxir2 the Insei (level 5, -9/46 HPs)
             Began as a Draconian Monk on May 27, 2017.
             Killed by nerve-wracking pain
             ... invoked by an orc priest
              (11 damage)
             ... on level 3 of the Dungeon.
             The game lasted 00:08:22 (2308 turns).

Velxir2 the Insei (Draconian Monk)                  Turns: 2308, Time: 00:08:22

Health: -9/46      AC:  5    Str: 13    XL:     5   Next: 19%
Magic:  5/5        EV: 14    Int: 16    God:
Gold:   193        SH:  0    Dex: 14    Spells: 4/4 levels left

rFire    . . .     SeeInvis .     - Unarmed
rCold    . . .     Gourm    .   (no shield)
rNeg     . . .     Faith    .   (armour unavailable)
rPois    .         Spirit   .   d - +0 hat
rElec    .         Reflect  .   (no cloak)
rCorr    .         Harm     .   (no gloves)
MR       .....                  (no boots)
Stlth    ++........             (no amulet)
Regen    0.2/turn               (no ring)
MPRegen  0.1/turn               (no ring)

@: brilliant
A: unfitting armour, cold-blooded, AC +5
a: no special abilities


You were on level 3 of the Dungeon.
You were hungry.

You visited 1 branch of the dungeon, and saw 3 of its levels.

You collected 193 gold pieces.

Inventory:

Armour
 d - a +0 hat (worn)
Scrolls
 f - a scroll of fog {unknown}
 i - a scroll of remove curse {unknown}
 j - a scroll of random uselessness {unknown}
 k - a scroll of identify {unknown}
 n - a scroll of enchant weapon {unknown}
Potions
 b - a potion of lignification {unknown}
 c - a potion of mutation {unknown}
 h - a potion of degeneration {unknown}
 l - a potion of resistance {unknown}
Comestibles
 a - 2 bread rations
 m - 2 fruits


   Skills:
 + Level 3.8 Fighting
 + Level 3.7 Dodging
 + Level 2.4 Stealth
 + Level 4.4 Unarmed Combat


You had 4 spell levels left.
You didn't know any spells.

Dungeon Overview and Level Annotations

Branches:
Dungeon (3/15)

Altars:


Innate Abilities, Weirdness & Mutations

Your plain brown scales are hard. (AC +5)
You cannot fit into any form of body armour.
You are cold-blooded and may be slowed by cold attacks.


Message History

You closely miss the orc priest.
You tail-slap the orc priest, but do no damage.
The orc priest is heavily wounded.
The orc priest hits you but does no damage.
It was a potion of brilliance.
You feel clever all of a sudden.
The orc priest calls down the wrath of Beogh upon you.
Beogh smites you!
* * * LOW HITPOINT WARNING * * *
The orc priest closely misses you.
Okay, then.
The orc priest calls upon Beogh to heal the orc priest.
The orc priest is healed somewhat.
There is a stone staircase leading down here.
The orc priest looks encouraged for a moment.
The orc priest calls upon Beogh to heal the orc priest.
The orc priest's wounds heal themselves!
The orc priest mumbles some strange prayers to Beogh against you.
Pain shoots through your body!
You die...

#...#<#.#
#...#)#.#
#...#.#.#
#.#.#.#.#
#.#.#.).#####
#.#..()......
#.#..<.......
#..........
#..@.......
#.##..#######
#........)...
#####o#######
#.# #o# #o#
#.# #)#


You could see 2 orc priests and an orc.

Vanquished Creatures
  An orc wizard (D:3)
  An adder (D:2)
  4 gnolls
  An ooze (D:1)
  2 worms (D:2)
  3 dart slugs
  4 leopard geckos
  An orc (D:3)
  3 giant cockroaches
  6 goblins
  4 hobgoblins
  11 jackals (D:2)
  10 bats
  3 frilled lizards
  8 kobolds
  6 rats
68 creatures vanquished.

Notes
Turn   | Place    | Note
-------+----------+-------------------------------------------
     0 | D:1      | Velxir2 the Draconian Monk began the quest for the Orb.
     0 | D:1      | Reached XP level 1. HP: 19/19 MP: 1/1
    88 | D:1      | Reached XP level 2. HP: 13/26 MP: 2/2
   640 | D:1      | Reached XP level 3. HP: 30/33 MP: 3/3
  1246 | D:2      | Reached XP level 4. HP: 40/40 MP: 4/4
  1781 | D:3      | Reached skill level 4 in Unarmed Combat
  2016 | D:2      | HP: 1/40 [worm (8)]
  2280 | D:3      | Reached XP level 5. HP: 24/46 MP: 5/5
  2302 | D:3      | HP: 2/46 [orc priest/divine providence (9)]
  2308 | D:3      | Killed from afar by an orc priest

Skill      XL: |  1  2  3  4 |
---------------+-------------+-----
Dodging        | 3 |  3.7
Stealth        | 2 |  2.4
Unarmed Combat | 4 |  4.4
Fighting       | |  3.8

Action                   |  1- 3 |  4- 6 || total
-------------------------+-------+-------++-------
Melee: Unarmed           |   167 |   133 ||   300
       Tailslap          |    17 |    17 ||    34
       Punch             |     2 |     4 ||     6
  Use: Potion            |       |     3 ||     3
 Stab: Sleeping          |     2 |     1 ||     3
  Eat: Chunk             |     1 |     3 ||     4
Armor: Skin              |    58 |    39 ||    97
Dodge: Dodged            |   128 |   110 ||   238
